 Dungeon Crawl Stone Soup version 0.30-a0-722-g3e6e8c874d (webtiles) character file.

Game seed: 12955226655416251142

704706 testman the Slayer (level 27, -7/233 HPs)
             Began as a Demonspawn Gladiator on Jan 26, 2023.
             Was an Initiate of Gozag.
             Killed from afar by a purple draconian shifter (47 damage)
             ... with a bolt of dispelling energy
             ... led by a yellow draconian annihilator
             ... on level 5 of the Realm of Zot on Jan 27, 2023.
             The game lasted 06:14:49 (73211 turns).

testman the Slayer (Demonspawn Gladiator)          Turns: 73211, Time: 06:14:50

Health: -7/233     AC: 26    Str: 23 (24) XL:     27
Magic:  25/33      EV: 23    Int: 25 (26) God:    Gozag
Gold:   18826      SH: 23    Dex: 21      Spells: 17/56 levels left

rFire   + . .      SeeInvis +    h - +8 demon blade "Sarcophage" {heavy, rElec rC+++ rCorr Dex-4}
rCold   + + +      Faith    .    v - +2 tower shield {reflect}
rNeg    + + +      Spirit   .    Q - +4 ring mail of a ziggurat {Slay+5}
rPois   +          Reflect  +    l - +2 helmet {SInv}
rElec   +          Harm     .    f - +2 cloak of Gallantry {Int+8 Dex+3}
rCorr   +          Rampage  .    J - +2 pair of gloves {Str+3}
Will    ++...      NoTele   +    (boots unavailable)
Stlth   +                        u - amulet "Sameib" {+Blink Fly Regen+ Str+2}
HPRegen 1.38/turn                Y - ring of Riagiyhu {Wiz rC+++ Dex+4}
MPRegen 0.23/turn                y - ring "Ukkapsyg" {Fire rN+++ MP-9 Str+4}

@: mighty, corroded, sanguine armoured, stuck, flying, very slightly
contaminated, studying 3 skills
A: hooves 3, demonic guardian 3, powered by pain 3, augmentation 3, sanguine
armour 3, deformed body, deterioration 1, poison resistance, weak 1, no potion
heal 1
}: 5/15 runes: barnacled, slimy, silver, abyssal, gossamer
a: Renounce Religion, Evoke Blink, Potion Petition, Call Merchant, Bribe Branch


You were on level 5 of the Realm of Zot.
You worshipped Gozag.
Gozag was extremely pleased with you.
You visited 13 branches of the dungeon, and saw 57 of its levels.
You visited the Abyss 1 time.
You visited 1 bazaar.
You also visited: Trove, Bailey, Ice Cave, Volcano and Desolation.

You collected 31104 gold pieces.
You spent 3589 gold pieces at shops.
You paid 8689 gold pieces to Gozag.

Inventory:

Hand Weapons
 h - the +8 demon blade "Sarcophage" (weapon) {heavy, rElec rC+++ rCorr Dex-4}
   (You found it on level 3 of the Depths)

   Dex:       It affects your dexterity (-4).
   rC:        It renders you almost immune to cold.
   rElec:     It insulates you from electricity.
   rCorr:     It protects you from acid and corrosion.
Missiles
 j - 6 throwing nets
 V - 5 silver javelins
Armour
 f - the +2 cloak of Gallantry (worn) {Int+8 Dex+3}
   (You found it on level 3 of the Spider Nest)

   Int:       It affects your intelligence (+8).
   Dex:       It affects your dexterity (+3).
 l - a +2 helmet of see invisible (worn)
 v - a +2 tower shield of reflection (worn)
 z - a +2 buckler of protection
 J - a +2 pair of gloves of strength (worn)
 Q - the +4 ring mail of a ziggurat (worn) {Slay+5}
   (You found it on level 14 of the Dungeon)

   Slay:      It affects your accuracy & damage with ranged weapons and melee
   (+5).
Jewellery
 b - the ring of Golarchir {rCorr MP+9 Int+3}
   (You took it off a deep elf sorcerer on level 3 of the Elven Halls)

   [ring of magical power]

   Int:       It affects your intelligence (+3).
   MP:        It affects your magic capacity (+9).
   rCorr:     It protects you from acid and corrosion.
 d - a ring of flight
 p - the ring "Doupneoh" {rPois rF- Int+9 SInv Stlth-}
   (You found it on level 5 of the Vaults)

   [ring of poison resistance]

   Int:       It affects your intelligence (+9).
   rF:        It makes you vulnerable to fire.
   rPois:     It protects you from poison.
   SInv:      It lets you see invisible.
   Stlth:     It makes you less stealthy.
 u - the amulet "Sameib" (around neck) {+Blink Fly Regen+ Str+2}
   (You found it on level 3 of the Crypt)

   [amulet of regeneration]

   Str:       It affects your strength (+2).
   Fly:       It grants you flight.
   +Blink:    It lets you blink.
   Regen:     It increases your rate of health regeneration.
 y - the ring "Ukkapsyg" (right hand) {Fire rN+++ MP-9 Str+4}
   (You took it off a ragged hierophant in the Desolation of Salt)

   [ring of fire]

   It enhances your fire magic.
   Str:       It affects your strength (+4).
   rF:        It protects you from fire.
   rC:        It makes you vulnerable to cold.
   rN:        It renders you almost immune to negative energy.
   MP:        It affects your magic capacity (-9).
 I - a +6 ring of strength
 M - a ring of magical power
 S - the amulet of the Air {Inacc Air Fly rElec RMsl}
   (You took it off a red devil on level 2 of the Depths)

   [amulet of nothing]

   Inacc:     It reduces the accuracy of your attacks and spells.
   Air:       It enhances your air magic.
   rElec:     It insulates you from electricity.
   Fly:       It grants you flight.
   RMsl:      It protects you from missiles.
 Y - the ring of Riagiyhu (left hand) {Wiz rC+++ Dex+4}
   (You found it on level 1 of the Vaults)

   [ring of wizardry]

   It improves your spell success rate.
   Dex:       It affects your dexterity (+4).
   rC:        It renders you almost immune to cold.
Wands
 a - a wand of polymorph (18)
 i - a wand of iceblast (43)
 q - a wand of flame (138)
 B - a wand of mindburst (45)
 E - a wand of quicksilver (20)
 F - a wand of digging (18)
 U - a wand of paralysis (14)
Scrolls
 g - 37 scrolls of teleportation
 o - 2 scrolls of enchant armour
 r - 12 scrolls of fog
 w - 16 scrolls of magic mapping
 A - 4 scrolls of silence
 G - 3 scrolls of fear
 K - 2 scrolls of amnesia
 P - a scroll of poison
Potions
 c - 7 potions of resistance
 e - 2 potions of heal wounds
 k - 8 potions of flight
 m - 13 potions of haste
 s - 23 potions of curing
 t - 7 potions of might
 C - 9 potions of brilliance
 H - 5 potions of invisibility
 L - 8 potions of cancellation
 O - 9 potions of ambrosia
 R - 7 potions of mutation
 T - 7 potions of magic
 W - a potion of berserk rage
Miscellaneous
 x - the horn of Geryon
 D - a phial of floods
 N - a condenser vane


   Skills:
 - Level 22.4 Fighting
 - Level 3.0(10.5) Short Blades
 - Level 15.4(15.6) Long Blades
 - Level 4.1 Throwing
 - Level 8.0 Armour
 - Level 18.8 Dodging
 + Level 16.9 Shields
 - Level 15.1 Spellcasting
 + Level 20.4 Conjurations
 - Level 12.6 Translocations
 + Level 21.7 Fire Magic


You had 17 spell levels left.
You knew the following spells:

 Your Spells              Type           Power      Damage    Failure   Level
a - Apportation           Tloc           100%       N/A       1%          1
b - Fireball              Conj/Fire      56%        3d22      1%          5
c - Blink                 Tloc           100%       N/A       1%          2
d - Manifold Assault      Tloc           70%        N/A       1%          4
e - Starburst             Conj/Fire      56%        6d15      1%          6
f - Ignition              Fire           56%        3d15      4%          8
g - Dispersal             Tloc           35%        N/A       4%          6
h - Orb of Destruction    Conj           44%        9d12      1%          7

Your spell library contained the following spells:

 Spells                   Type           Power      Damage    Failure   Level
 Foxfire                  Conj/Fire      100%       2x1d9     0%          1
 Magic Dart               Conj           100%       1d8       0%          1
 Scorch                   Fire           100%       2d10      0%          2
 Flame Wave               Conj/Fire      100%       2d21      0%          4
 Sticky Flame             Conj/Fire      100%       2d11      0%          4
 Static Discharge         Conj/Air       100%       2-7/arc   1%          2
 Gell's Gravitas          Tloc           70%        N/A       1%          3
 Hailstorm                Conj/Ice       63%        3d13      1%          3
 Ignite Poison            Fire/Tmut/Pois 70%        N/A       1%          3
 Inner Flame              Hex/Fire       83%        N/A       1%          3
 Kindle Blastsparks       Fire/Tloc/Air  100%       2d18      1%          3
 Mephitic Cloud           Conj/Pois/Air  52%        N/A       1%          3
 Stone Arrow              Conj/Erth      100%       3d13      1%          3
 Teleport Other           Tloc           70%        N/A       1%          3
 Vhi's Electric Charge    Tloc/Air       100%       N/A       1%          3
 Iskenderun's Mystic Bla  Conj/Tloc      79%        2d16      1%          4
 Passage of Golubria      Tloc           70%        N/A       1%          4
 Iskenderun's Battlesphe  Conj           88%        2d14      1%          5
 Arcjolt                  Conj/Air       31%        1d41      2%          5
 Irradiate                Conj/Tmut      31%        3d22      2%          5
 Lightning Bolt           Conj/Air       31%        1d48      2%          5
 Freeze                   Ice            72%        1d8       5%          1
 Slow                     Hex            72%        N/A       5%          1
 Sting                    Tmut/Pois      72%        1d6       5%          1
 Summon Small Mammal      Summ           72%        N/A       5%          1
 Call Imp                 Summ           18%        N/A       8%          2
 Ensorcelled Hibernation  Hex/Ice        36%        N/A       8%          2
 Passwall                 Tmut/Erth      15%        N/A       8%          2
 Sublimation of Blood     Necr           18%        N/A       8%          2
 Wereblood                Tmut           18%        N/A       8%          2
 Freezing Cloud           Conj/Ice/Air   26%        6-21      9%          5
 Summon Forest            Summ/Tloc      25%        N/A       11%         5
 Conjure Ball Lightning   Conj/Air       31%        3x3d10    12%         6
 Iron Shot                Conj/Erth      31%        9d6       12%         6
 Call Canine Familiar     Summ           18%        N/A       16%         3
 Confusing Touch          Hex            18%        N/A       16%         3
 Ozocubu's Armour         Ice            18%        N/A       16%         3
 Spider Form              Tmut/Pois      18%        N/A       16%         3
 Summon Guardian Golem    Hex/Summ       18%        N/A       16%         3
 Swiftness                Air            18%        N/A       16%         3
 Tukima's Dance           Hex            18%        N/A       16%         3
 Vampiric Draining        Necr           18%        2d7       16%         3
 Anguish                  Hex/Necr       9%         N/A       43%         4
 Animate Armour           Summ/Erth      36%        N/A       43%         4
 Cause Fear               Hex            9%         N/A       43%         4
 Dispel Undead            Necr           18%        3d11      43%         4
 Ice Form                 Ice/Tmut       18%        N/A       43%         4
 Leda's Liquefaction      Hex/Erth       9%         N/A       43%         4
 Petrify                  Tmut/Erth      18%        N/A       43%         4
 Spellforged Servitor     Conj/Summ      31%        N/A       52%         7
 Fire Storm               Conj/Fire      56%        8d14      63%         9
 Agony                    Necr           18%        N/A       77%         5
 Alistair's Intoxication  Tmut/Pois      12%        N/A       77%         5
 Blade Hands              Tmut           9%         N/A       77%         5
 Borgnjor's Vile Clutch   Necr/Erth      9%         N/A       77%         5
 Lee's Rapid Deconstruct  Erth           9%         3d7*      77%         5
 Metabolic Englaciation   Hex/Ice        9%         N/A       77%         5
 Silence                  Hex/Air        9%         N/A       77%         5
 Summon Mana Viper        Hex/Summ       18%        N/A       77%         5
 Yara's Violent Unravell  Hex/Tmut       9%         3d6       77%         5
 Disjunction              Tloc           35%        N/A       86%         8
 Malign Gateway           Summ/Tloc      25%        N/A       95%         7
 Death Channel            Necr           9%         N/A       99%         6
 Eringya's Noxious Bog    Tmut/Pois      9%         N/A       99%         6
 Statue Form              Tmut/Erth      12%        N/A       99%         6
 Summon Cactus Giant      Summ           9%         N/A       99%         6
 Lehudib's Crystal Spear  Conj/Erth      31%        10d8      99%         8
 Dragon Form              Tmut           9%         N/A       100%        7
 Enfeeble                 Hex            9%         N/A       100%        7
 Ozocubu's Refrigeration  Ice            9%         4d9       100%        7
 Storm Form               Tmut/Air       9%         N/A       100%        7
 Summon Hydra             Summ           9%         N/A       100%        7
 Discord                  Hex            9%         N/A       100%        8
 Infestation              Necr           9%         N/A       100%        8
 Summon Horrible Things   Summ           9%         N/A       100%        8
 Chain Lightning          Conj/Air       31%        3d42      100%        9
 Death's Door             Necr           9%         N/A       100%        9
 Polar Vortex             Ice            9%         N/A       100%        9
 Shatter                  Erth           9%         3d11*     100%        9
 Animate Dead             Necr           Unusable   N/A       N/A         4
 Simulacrum               Ice/Necr       Unusable   N/A       N/A         6

Dungeon Overview and Level Annotations

Branches:
Dungeon (15/15)            Temple (1/1) D:7            Lair (5/5) D:8
 Shoals (4/4) Lair:3       Spider (4/4) Lair:3        Slime (5/5) Lair:5
    Orc (2/2) D:12            Elf (3/3) Orc:2        Vaults (5/5) D:14
  Crypt (3/3) Vaults:3       Tomb (0/3) Crypt:3      Depths (4/4) D:15
   Hell (visited)             Dis (0/7) Hell            Geh (0/7) Hell
    Coc (0/7) Hell            Tar (0/7) Hell            Zot (5/5) Depths:4
 Bailey (visited)           IceCv (visited)         Volcano (visited)
Desolation (visited)

Altars:
Ashenzari
Cheibriados
Dithmenos
Fedhas
Gozag
Hepliaklqana
Kikubaaqudgha
Makhleb
Nemelex Xobeh
Okawaru
Qazlal
Ru
Sif Muna
Trog
Uskayaw
Vehumet
Wu Jian
Xom
Yredelemnul
Jiyva

Shops:
D:6 *(   Orc:2 :*(:*   Elf:1 :   Elf:2 *   Vaults:1 (   Vaults:2 (   Vaults:4 :
Depths:1 *

Portals:
Hell: Depths:1 Depths:2 Depths:3 Depths:4
Abyss: Depths:1 Depths:2 Depths:3
Pandemonium: Depths:2 Depths:3 Depths:4
Ziggurat: Depths:4

Annotations:
Elf:2 3 runed translucent doors
Zot:4 4 transporters


Innate Abilities, Weirdness & Mutations

You have hooves in place of feet.
A powerful demonic guardian rushes to your aid.
You are powered by pain.
Your magical and physical power is greatly enhanced at high health.
When seriously injured, your blood forms very thick armour. (AC +12)
Armour fits poorly on your strangely shaped body.
Your body sometimes deteriorates upon taking damage.
Your system is resistant to poisons. (rPois)
You are weak. (Str -2)
Potions are less effective at restoring your health.


Message History

Your system partially rejects the healing.
You feel much better.
Your Executioner hits the black draconian knight but does no damage. x2
Your Executioner closely misses the black draconian knight.
The black draconian knight misses your Executioner.
You block the yellow draconian's attack.
Your Executioner hits the black draconian knight!
Your Executioner barely misses the black draconian knight.
Your Executioner hits the black draconian knight but does no damage.
You slice the yellow draconian!!
The yellow draconian is severely wounded.
The yellow draconian annihilator seems to regain its courage.
The yellow draconian annihilator is no longer distracted by gold.
Your Executioner hits the black draconian knight.
Your Executioner barely misses the black draconian knight.
Your Executioner hits the black draconian knight.
Your Executioner hits the black draconian knight!!
Your Executioner hits the black draconian knight but does no damage. x2
The yellow draconian annihilator spits acid at you.
The glob of acid hits you! You resist.
* * * LOW HITPOINT WARNING * * *
A demonic guardian appears!
Your Executioner hits the black draconian knight!!
Your Executioner hits the black draconian knight.
Your Executioner closely misses the black draconian knight.
Your system partially rejects the healing.
You feel much better.
Your Executioner completely misses the black draconian knight.
Your Executioner hits the black draconian knight but does no damage.
Your Executioner hits the black draconian knight! x2
Your Executioner hits the black draconian knight. x2
The black draconian knight hits your Executioner with a +2 great sword of electrocution!!
The yellow draconian spits acid at you.
The glob of acid hits you but does no damage.
The acid corrodes you!
The purple draconian shifter breathes dispelling energy at you.
The bolt of dispelling energy hits you!!!
Your magical effects are unravelling.
You die...
Your body crumbles into a pile of gold.

,,,,,,,,,,,*** ***,,,
,,,,,,,,**** **** #▓▓▓▓▓▓▓▓▓▓▓#
***** $........^..### ***,,^^
........##....## **,,,,**
.........###^..###########..,***,
...°.^....###...............***,,
..........# ##.............#* *,,
..*L......# #..@d1...^....# *,,
$.q.......# ##...........#* *,,
.§$q$.....# #.q..q......# *,,
.°....^...# ##....1......## *,,
.........## #....q........# **^
......^.## ##.............#* **
.......## #^..............# *
######## ########.######## #.#


You could see a black draconian knight (distracted, ally target), a yellow
draconian, a purple draconian shifter (catching breath), a yellow draconian
annihilator (catching breath), a friendly Hell Sentinel (summoned) and a
friendly Executioner (summoned, fast).

Vanquished Creatures
  the Royal Jelly (Slime:5)
  6 dread liches
  An orb of fire (Zot:5)
  An ancient lich (Zot:5)
  Mennas (Crypt:1)
  2 juggernauts
  Boris (twice) (Depths:3 Crypt:3)
  5 Killer Klowns
  Frederick (Vaults:4)
  Saint Roka (Crypt:2)
  2 curse toes
  13 golden dragons
  Geryon (Hell)
  A profane servitor (Depths:1)
  The ghost of Aklawnof the Wrestler, a legendary VSBe of Trog (Zot:4)
  Arachne (Spider:3)
  2 electric golems
  7 liches
  11 tentacled monstrosities
  Jorgrun (Elf:2)
  24 Orb Guardians (Zot:5)
  5 titans
  A deep elf blademaster (Elf:3)
  A walking frostbound tome (Depths:3)
  9 ancient champions
  Murray (Hell)
  11 quicksilver dragons
  13 death cobs
  3 deep elf master archers (Elf:3)
  6 tentacled starspawn (Abyss:3)
  17 acid blobs
  Agnes (Elf:1)
  7 sphinxes
  11 storm dragons
  2 krakens
  The ghost of Maimpaagh the Geomancer, an adept GrEE of Qazlal (Depths:2)
  Roxanne (Elf:2)
  13 shadow dragons
  6 azure jellies
  10 rockslimes
  An azure jelly (shapeshifter) (Vaults:5)
  6 tengu reavers
  3 draconian monks
  Donald (Vaults:1)
  3 draconian knights
  2 revenants (Crypt:1)
  9 fire giants
  The ghost of Nustrige the Fighter, an adept OpWn of Ru (D:14)
  An iron dragon (Depths:2)
  12 vault wardens
  Louise (Depths:2)
  9 deep elf sorcerers
  8 frost giants
  The ghost of relicbr the Brawler, a journeyman TrBe of Trog (Lair:4)
  3 imperial myrmidons (Desolation)
  An emperor scorpion (Spider:4)
  4 ghost moths
  The ghost of Iich the Executioner, a journeyman MiFi of Okawaru (D:12)
  7 draconian scorchers
  2 orc warlords
  11 reapers
  7 draconian shifters
  7 curse skulls
  6 ghouls
  3 draconian stormcallers
  4 broodmothers
  3 cacodemons
  13 ironbound preservers
  6 deep elf elementalists
  27 very ugly things
  8 quicksilver oozes
  2 juggernaut skeletons
  8 draconian annihilators
  2 spriggan defenders (Depths:3)
  6 war gargoyles
  4 ironbound thunderhulks
  5 vampire knights
  17 stone giants
  7 green draconians
  10 deep elf demonologists
  Azrael (D:15)
  16 black draconians
  21 purple draconians
  10 yellow draconians
  2 halazid warlocks (Desolation)
  8 deep elf annihilators (Elf:3)
  A lorocyproca (Depths:2)
  10 white draconians
  9 red draconians
  6 spark wasps
  5 dire elephants
  4 eidola
  2 pearl dragon zombies (Depths:1)
  An iron golem (Hell)
  3 blizzard demons
  2 merfolk javelineers (Shoals:4)
  2 crystal guardians
  9 deep elf death magi
  The ghost of Darius099 the Grappler, a journeyman TrMo (Lair:1)
  8 merfolk impalers
  The ghost of arthad the Placeless Cat, a journeyman FeSu of Gozag (Shoals:1)
  Josephine (Orc:2)
  10 fire dragons
  8 jiangshi
  15 yaktaur captains
  9 ettins
  4 deep elf high priests
  32 vault guards
  11 ragged hierophants (Desolation)
  4 entropy weavers
  3 merfolk avatars (Shoals:4)
  14 servants of whispers (Desolation)
  A spriggan zombie (Crypt:1)
  5 hydras
  13 great orbs of eyes
  2 rakshasas
  3 caustic shrike simulacra (IceCv)
  4 hell beasts
  8 ice dragons
  A fenstrider witch zombie (Crypt:1)
  2 alligator snapping turtles (Shoals:4)
  A jorogumo (Spider:1)
  A spriggan air mage (Depths:3)
  10 boulder beetles
  9 ironbound frosthearts
  5 merfolk aquamancers
  9 peacekeepers
  A catoblepas (D:15)
  4 death knights
  A fenstrider witch skeleton (Crypt:1)
  A spriggan skeleton (Crypt:1)
  A radroach (shapeshifter) (Vaults:5)
  10 two-headed ogres
  5 ogre magi
  5 radroaches
  11 dancing weapons
  A satyr (Shoals:2)
  9 tengu warriors
  6 death yaks
  26 centaur warriors
  9 deep troll earth magi
  2 anacondas (shapeshifter)
  6 hell hogs
  5 deep troll shamans
  An orc high priest (Orc:2)
  3 vampire magi
  Urug (D:12)
  5 deep elf knights
  7 hell knights
  14 soul eaters
  2 thrashing horrors (Abyss:3)
  4 spriggan berserkers
  9 iron trolls
  Nergalle (D:12)
  A storm dragon zombie (Crypt:2)
  3 wretched stars (Abyss:3)
  An emperor scorpion zombie (Crypt:1)
  2 pharaoh ants (Spider:3)
  11 sun demons
  3 shadow wraiths
  A sun moth (Spider:4)
  An iron giant zombie (Crypt:2)
  A spectral anaconda (Lair:5)
  A golden dragon zombie (Depths:2)
  25 skeletal warriors
  51 deep trolls
  An anaconda zombie (Crypt:1)
  13 sea snakes
  9 flayed ghosts
  4 glowing orange brains
  3 orb spiders
  4 obsidian statues
  12 deep elf archers
  17 phantasmal warriors
  7 steelbarb worms
  12 starcursed masses (Abyss:3)
  11 large abominations
  3 bog bodies
  3 wizards
  30 harpies
  9 necromancers
  26 ironbound convokers
  A sphinx zombie (Depths:2)
  11 lindwurms
  4 orc knights
  25 deep elf pyromancers
  27 wolf spiders
  6 fauns (Shoals:2)
  26 deep elf zephyrmancers
  3 orc sorcerers
  4 shining eyes
  36 ugly things
  A will-o-the-wisp (Abyss:3)
  A salamander (Depths:4)
  A frost giant skeleton (Depths:2)
  A shadow dragon skeleton (Crypt:2)
  A manticore (shapeshifter) (Elf:3)
  24 moths of wrath
  11 cyclopes
  11 manticores
  3 black mambas
  7 merfolk sirens
  2 ice statues (Hell)
  12 water nymphs
  6 rust devils
  3 apis skeletons (Depths:1)
  5 guardian serpents (Desolation)
  5 elephants (Lair:5)
  19 vault sentinels
  3 torpor snails
  7 molten gargoyles
  2 eyes of devastation
  Maurice (D:10)
  9 smoke demons
  7 demonic crawlers
  2 dire elephant skeletons
  A grey draconian zombie (Crypt:2)
  2 unseen horrors
  An orange demon (Hell)
  Maggie (D:6)
  3 gargoyles
  3 hellions (Hell)
  4 rime drakes
  20 yaktaurs
  A kobold demonologist (D:12)
  14 cane toads
  2 ancient zymes (Abyss:3)
  A purple draconian zombie (Crypt:3)
  3 efreet
  6 guardian mummies
  3 tengu conjurers
  An alligator snapping turtle skeleton (Crypt:2)
  16 freezing wraiths
  2 hydra zombies (Hell)
  5 komodo dragons
  A black draconian skeleton (Crypt:3)
  25 merfolk
  5 ice devils
  A sea snake skeleton (Hell)
  3 golden dragon simulacra (IceCv)
  A queen bee (Lair:1)
  A meliai (Spider:3)
  3 red devils
  7 wind drakes
  5 trolls
  A hellwing (Depths:2)
  A hydra skeleton (Hell)
  23 tarantellas
  13 blink frogs
  74 saltlings (Desolation)
  A raiju (shapeshifter) (D:15)
  A raiju (Abyss:3)
  19 snapping turtles
  A tarantella zombie (Crypt:1)
  3 harpy skeletons
  A spectral elephant (Lair:5)
  12 dream sheep
  2 ettin zombies
  A black mamba zombie (Crypt:2)
  An ice dragon zombie (Crypt:2)
  A centaur simulacrum (D:12)
  2 air elementals (Elf:1)
  21 jumping spiders
  An alligator zombie (Hell)
  A spriggan (shapeshifter) (D:15)
  104 slime creatures
  A shadow (D:11)
  A meliai zombie (Crypt:3)
  2 vampires (D:14)
  5 flying skulls (Crypt:2)
  Sigmund (D:6)
  9 wraiths
  4 fire elementals
  A wyvern (shapeshifter) (Elf:3)
  4 basilisks
  2 dire elephant simulacra
  12 water elementals
  10 culicivoras
  2 ynoxinuls
  8 fire bats (Volcano)
  30 yaks
  5 wyverns
  3 golden eyes (Slime:5)
  A golden eye (shapeshifter) (D:15)
  4 chaos spawn
  A minotaur simulacrum (IceCv)
  A steam dragon (Volcano)
  A death yak simulacrum (Lair:5)
  A redback (shapeshifter) (Vaults:5)
  47 redbacks
  A vampire mosquito (D:13)
  A swamp worm (shapeshifter) (Vaults:5)
  A two-headed ogre zombie (Crypt:2)
  3 wargs
  7 small abominations (Elf:3)
  A deep troll zombie (Crypt:1)
  An acid dragon (D:13)
  2 harpy simulacra
  4 hydra simulacra
  A cane toad zombie (Crypt:1)
  Duvessa (D:7)
  12 water moccasins
  A naga skeleton (Crypt:1)
  14 hell hounds
  A water nymph skeleton (Crypt:2)
  A glowing shapeshifter zombie (Depths:2)
  An elephant zombie (Lair:5)
  54 orc warriors
  A black bear (shapeshifter) (Abyss:3)
  An ice beast (D:6)
  18 centaurs
  2 ettin simulacra (IceCv)
  4 ogres
  A komodo dragon zombie (Crypt:1)
  3 kobold brigands
  4 necrophages
  6 bullfrogs
  A gnoll sergeant (D:6)
  A salamander skeleton (Crypt:3)
  2 earth elementals (Elf:2)
  4 scorpions
  A deep troll simulacrum (IceCv)
  Dowan (D:7)
  3 wights (D:6)
  A wyvern skeleton (Crypt:2)
  A water moccasin skeleton (Crypt:1)
  38 killer bees
  A howler monkey (D:10)
  8 lava snakes
  A crimson imp (Abyss:3)
  12 orc priests
  2 jellies
  A quasit (Abyss:3)
  3 gnoll boudas
  5 hounds
  4 iguanas
  27 orc wizards
  A boggart skeleton (Crypt:3)
  14 mummies (Crypt:3)
  29 gnolls
  8 adders
  A steam dragon zombie (Crypt:2)
  A swamp drake skeleton (Crypt:3)
  A shadow imp (D:5)
  A white imp (D:8)
  An ufetubus (D:6)
  An adder skeleton (Crypt:1)
  2 worms
  A dart slug (D:1)
  107 orcs
  8 ball pythons
  A bat skeleton (Crypt:2)
  2 endoplasms (Lair:5)
  2 giant cockroaches (D:2)
  13 goblins
  10 hobgoblins
  2 jackals (D:1)
  3 quokkas
  A ball python zombie (Crypt:3)
  6 bats
  4 frilled lizards
  22 kobolds
  A kobold zombie (Crypt:1)
  4 rats
  A river rat skeleton (Crypt:3)
  A pillar of salt (Vaults:3)
  3 starspawn tentacles (Abyss:3)
  A tentacle (Shoals:1)
2543 creatures vanquished.

Vanquished Creatures (collateral kills)
  A Brimstone Fiend (Depths:2)
  An Orb Guardian (Zot:5)
  An ancient champion (Crypt:2)
  Frances (D:14)
  A death cob (Zot:5)
  An acid blob (Slime:5)
  A storm dragon (Zot:4)
  A shadow dragon (Depths:3)
  A rockslime (Slime:5)
  A ghost moth (Spider:2)
  A very ugly thing (Depths:3)
  2 deep elf demonologists (Elf:3)
  A green draconian (Depths:4)
  A purple draconian (Zot:2)
  An ettin (Depths:1)
  2 fire dragons
  A ragged hierophant (Desolation)
  2 servants of whispers (Desolation)
  2 peacekeepers (Desolation)
  2 hydras
  A centaur warrior (Shoals:1)
  A deep elf knight (Elf:1)
  An orc high priest (Orc:1)
  A boulder beetle (D:14)
  A hell knight (Depths:3)
  A titan zombie (Depths:2)
  An iron troll (Depths:3)
  2 skeletal warriors (D:15)
  2 orb spiders
  5 deep trolls
  A shadow demon (Depths:2)
  A necromancer (Depths:2)
  A deep elf archer (Elf:3)
  A deep elf zephyrmancer (Elf:1)
  An orc knight (Orc:2)
  A wolf spider (Spider:4)
  3 ugly things
  A moth of wrath (Spider:4)
  A cyclops (D:12)
  An apis skeleton (Depths:1)
  A water nymph (Shoals:3)
  A yaktaur (Vaults:1)
  A komodo dragon (Lair:5)
  3 red devils
  A hellwing (Depths:3)
  2 merfolk
  A troll (Orc:2)
  A hydra skeleton (Hell)
  9 saltlings (Desolation)
  A wind drake (Shoals:4)
  2 blink frogs (Lair:5)
  Grinder (D:6)
  7 slime creatures
  2 wraiths (Orc:2)
  2 yaks (Lair:3)
  A water elemental (Hell)
  A redback (Spider:3)
  3 orc warriors (Orc:2)
  An ogre (Orc:1)
  3 centaurs (Orc:2)
  An orc priest (Orc:2)
  An orc wizard (Orc:2)
  An adder (D:3)
  6 orcs
  An endoplasm (Lair:5)
  A hobgoblin (Bailey)
  2 tentacles (Shoals:1)
110 creatures vanquished.

Vanquished Creatures (others)
  A deep elf high priest (Elf:3)
  A two-headed ogre (D:15)
  2 deep elf pyromancers
  A redback (Spider:1)
  A hell hound (Volcano)
  A bush (D:15)
  12 foxfires
  17 fungi
  A pillar of salt (Vaults:3)
  67 plants
  19 starspawn tentacles (Abyss:3)
  12 tentacles
  2 toadstools (D:13)
  20 withered plants
157 creatures vanquished.

Grand Total: 2810 creatures vanquished

Notes
Turn   | Place    | Note
-------+----------+-------------------------------------------
     0 | D:1      | testman the Demonspawn Gladiator began the quest for the
                  | Orb.
     0 | D:1      | Reached XP level 1. HP: 16/16 MP: 1/1
   187 | D:1      | Gained mutation: You have large cloven feet. [demonic
                  | ancestry]
   187 | D:1      | Reached XP level 2. HP: 20/22 MP: 2/2
   758 | D:2      | Gained mutation: When seriously injured, your blood forms
                  | armour. (AC +12) [demonic ancestry]
   758 | D:2      | Reached XP level 3. HP: 16/28 MP: 3/3
  1264 | D:2      | Reached XP level 4. HP: 30/34 MP: 4/4
  1569 | D:3      | Reached skill level 3 in Fighting
  1629 | D:3      | Found an iron altar of Okawaru.
  1664 | D:3      | You fall into a shaft and drop 2 floors!
  1664 | D:5      | Entered Level 5 of the Dungeon
  1968 | D:5      | Noticed a necrophage
  1978 | D:5      | Gained mutation: A weak demonic guardian rushes to your
                  | aid. [demonic ancestry]
  1978 | D:5      | Reached XP level 5. HP: 32/41 MP: 5/5
  2048 | D:5      | Reached XP level 6. HP: 45/48 MP: 6/6
  2059 | D:5      | Reached skill level 4 in Fighting
  2630 | D:3      | Found a stormy altar of Qazlal.
  2630 | D:3      | Found a shimmering altar of Xom.
  2631 | D:3      | Found a shadowy altar of Dithmenos.
  3359 | D:4      | Found a basalt altar of Yredelemnul.
  3595 | D:5      | Reached XP level 7. HP: 45/55 MP: 7/7
  3679 | D:5      | Identified the +9 falchion of Thoughtfulness {drain, rC-
                  | Str+4}
  3953 | D:6      | Found Jiuseo's General Store.
  3958 | D:6      | Reached skill level 1 in Long Blades
  4006 | D:6      | Bought a scroll of blinking for 97 gold pieces
  4030 | D:6      | Found Ruemaw's Antique Weapon Shoppe.
  4203 | D:6      | Noticed Sigmund
  4385 | D:6      | Noticed Maggie
  4419 | D:6      | Killed Maggie
  4420 | D:6      | Reached skill level 5 in Fighting
  4420 | D:6      | Reached skill level 5 in Dodging
  4420 | D:6      | Gained mutation: You have hoof-like feet. [demonic
                  | ancestry]
  4420 | D:6      | Reached XP level 8. HP: 25/62 MP: 8/8
  4439 | D:6      | Noticed Grinder
  4701 | D:6      | Killed Grinder
  4702 | D:6      | Reached skill level 5 in Long Blades
  4896 | D:6      | Killed Sigmund
  5180 | D:6      | Reached skill level 6 in Fighting
  5242 | D:7      | Noticed Duvessa
  5243 | D:7      | Noticed Dowan
  5446 | D:6      | Gained mutation: You have hooves in place of feet. [demonic
                  | ancestry]
  5446 | D:6      | Reached XP level 9. HP: 60/70 MP: 9/9
  5529 | D:7      | Killed Duvessa
  5535 | D:7      | Killed Dowan
  5650 | D:7      | Found a staircase to the Ecumenical Temple.
  5658 | Temple   | Entered the Ecumenical Temple
  5797 | Temple   | Became a worshipper of Ru the Awakened
  5875 | D:7      | Found a sparkling altar of Nemelex Xobeh.
  5875 | D:7      | Found an opulent altar of Gozag.
  5881 | D:7      | Fell from the grace of Ru
  5881 | D:7      | Became a worshipper of Gozag Ym Sagoz the Greedy
  6253 | D:7      | Reached skill level 7 in Fighting
  6841 | D:8      | Reached skill level 8 in Fighting
  6854 | D:8      | Gained mutation: You sometimes gain a little power by
                  | taking damage. [demonic ancestry]
  6854 | D:8      | Reached XP level 10. HP: 49/80 MP: 10/10
  6910 | D:8      | Found a flagged portal.
  6932 | Bailey   | Entered a bailey
  7267 | Bailey   | Noticed an orc knight
  7280 | Bailey   | Killed an orc knight
  7346 | Bailey   | Noticed an orc warlord
  7370 | Bailey   | Reached skill level 9 in Fighting
  7402 | Bailey   | Killed an orc warlord
  8121 | D:8      | Reached XP level 11. HP: 89/89 MP: 11/11
  8287 | D:8      | Found a runed translucent door.
  8313 | D:8      | Reached skill level 11 in Fighting
  8313 | D:8      | Reached skill level 10 in Long Blades
  8313 | D:8      | Gained mutation: When seriously injured, your blood forms
                  | thick armour. (AC +12) [demonic ancestry]
  8313 | D:8      | Reached XP level 12. HP: 62/100 MP: 12/12
  8314 | D:8      | Reached skill level 12 in Fighting
  8314 | D:8      | Reached skill level 10 in Dodging
  8314 | D:8      | Reached XP level 13. HP: 68/109 MP: 13/13
  8324 | D:8      | Found a runed translucent gate.
  8324 | D:8      | Found a runed translucent gate.
  8324 | D:8      | Found a runed translucent gate.
  8324 | D:8      | Found a runed translucent gate.
  8324 | D:8      | Found a runed translucent gate.
  8324 | D:8      | Found a runed translucent gate.
  8807 | D:8      | Found a staircase to the Lair.
  9716 | D:10     | Entered Level 10 of the Dungeon
  9760 | D:10     | Identified the +4 falchion of Peestas {freeze, *Rage rPois
                  | rN+ Str+2}
  9952 | D:10     | Noticed Maurice
  9963 | D:10     | Killed Maurice
 10251 | D:10     | Reached skill level 13 in Fighting
 10883 | D:11     | Found a portal to a secret trove of treasure.
 11862 | D:12     | Found a runed translucent gate.
 11862 | D:12     | Found a runed translucent gate.
 11862 | D:12     | Found a runed translucent gate.
 11862 | D:12     | Noticed Iich's ghost (journeyman MiFi)
 12245 | D:12     | Noticed Urug
 12268 | D:12     | Killed Urug
 12534 | D:12     | Found a staircase to the Orcish Mines.
 12692 | D:12     | Noticed an ettin
 12692 | D:12     | Noticed a fire giant
 12818 | D:12     | Killed a fire giant
 12836 | D:12     | Killed an ettin
 13197 | D:13     | Reached skill level 14 in Fighting
 13335 | D:13     | Gained mutation: You sometimes gain power by taking damage.
                  | [demonic ancestry]
 13335 | D:13     | Reached XP level 14. HP: 70/120 MP: 14/14
 14016 | D:13     | Gained mutation: A demonic guardian rushes to your aid.
                  | [demonic ancestry]
 14016 | D:13     | Reached XP level 15. HP: 127/127 MP: 14/20
 14017 | D:13     | Reached skill level 5 in Spellcasting
 14017 | D:13     | Reached skill level 5 in Fire Magic
 14017 | D:13     | Gained mutation: When seriously injured, your blood forms
                  | very thick armour. (AC +12) [demonic ancestry]
 14017 | D:13     | Reached XP level 16. HP: 134/134 MP: 14/24
 14020 | D:13     | Learned a level 1 spell: Foxfire
 14326 | D:14     | Found a stormy altar of Qazlal.
 14333 | D:14     | Noticed Frances
 14351 | D:14     | Killed Frances
 14514 | D:14     | Learned a level 5 spell: Fireball
 14544 | D:14     | HP: 3/134 [titanic slime creature (82)]
 14867 | D:14     | Found a gate to the Vaults.
 15076 | D:14     | Found a runed translucent gate.
 15079 | D:14     | Found a runed translucent gate.
 15079 | D:14     | Found a runed translucent gate.
 15080 | D:14     | Noticed Nustrige's ghost (adept OpWn)
 15096 | D:14     | Killed Nustrige's ghost
 15222 | D:14     | Found a shadowy altar of Dithmenos.
 15245 | D:14     | Identified the +4 ring mail of a ziggurat {Slay+5}
 15636 | D:15     | Entered Level 15 of the Dungeon
 16043 | Lair:1   | Entered Level 1 of the Lair of Beasts
 16103 | Lair:1   | Identified the +3 dire flail of Biweuhirgh {venom, rPois
                  | rF+}
 16732 | Lair:1   | Found a runed translucent door.
 16733 | Lair:1   | Found a shimmering altar of Xom.
 16733 | Lair:1   | Noticed Darius099's ghost (journeyman TrMo)
 16752 | Lair:1   | Killed Darius099's ghost
 17413 | Lair:2   | Reached skill level 10 in Fire Magic
 18283 | Lair:3   | Found a staircase to the Shoals.
 18354 | Lair:3   | Identified the +1 chain mail "Rana Xoumu" {Harm Int-4
                  | Dex+3}
 18696 | Lair:3   | Found a hole to the Spider Nest.
 18929 | Lair:4   | Found a dark tunnel.
 18960 | Volcano  | Entered a volcano
 19087 | Volcano  | Found a bloodstained altar of Trog.
 19360 | Lair:4   | Found a runed translucent door.
 19363 | Lair:4   | Noticed relicbr's ghost (journeyman TrBe)
 19444 | Lair:4   | Killed relicbr's ghost
 19445 | Lair:4   | Gained mutation: Your magical and physical power is
                  | slightly enhanced at high health. [demonic ancestry]
 19445 | Lair:4   | Reached XP level 17. HP: 69/140 MP: 26/26
 19966 | Lair:5   | Entered Level 5 of the Lair of Beasts
 20316 | Lair:5   | Found a runed translucent door.
 20317 | Lair:5   | Found a viscous altar of Jiyva.
 20317 | Lair:5   | Found a staircase to the Slime Pits.
 21747 | Orc:1    | Entered Level 1 of the Orcish Mines
 21747 | Orc:1    | Noticed Nergalle
 21818 | D:12     | Killed Nergalle
 21967 | D:12     | Killed Iich's ghost
 22346 | Orc:2    | Entered Level 2 of the Orcish Mines
 22346 | Orc:2    | Noticed Josephine
 22353 | Orc:2    | Killed Josephine
 22354 | Orc:2    | Reached skill level 1 in Conjurations
 22706 | Orc:2    | Reached skill level 5 in Conjurations
 22945 | Orc:1    | You fall into a shaft and drop 1 floor!
 23069 | Orc:2    | Found a staircase to the Elven Halls.
 23237 | Orc:2    | Found Geghiar's Antique Weapon Emporium.
 23237 | Orc:2    | Found Hinwell's Book Shop.
 23239 | Orc:2    | Found Gawiq's Assorted Antiques.
 23241 | Orc:2    | Found Veqearant's General Store.
 23253 | Orc:2    | Bought a scroll of enchant weapon for 90 gold pieces
 23253 | Orc:2    | Bought a potion of haste for 120 gold pieces
 23253 | Orc:2    | Bought 2 potions of attraction for 72 gold pieces
 23253 | Orc:2    | Bought a potion of flight for 36 gold pieces
 23297 | Orc:2    | Found Paytar's Vocational Training.
 23766 | Orc:2    | Bought an Inescapable Atlas for 416 gold pieces
 23769 | Orc:2    | Learned a level 2 spell: Blink
 24003 | D:15     | Noticed Azrael
 24018 | D:15     | Reached skill level 1 in Translocations
 24039 | D:15     | Killed Azrael
 24463 | D:15     | Found a staircase to the Depths.
 24841 | Spider:1 | Entered Level 1 of the Spider Nest
 24901 | Spider:1 | Reached skill level 1 in Shields
 25365 | Spider:1 | Identified the +1 robe "Gozoej Xeat" {Rampage rElec rPois
                  | rC-}
 26811 | Spider:2 | Reached XP level 18. HP: 118/148 MP: 27/27
 27679 | Spider:3 | Reached skill level 15 in Fighting
 27763 | Spider:3 | Identified the +2 cloak of Gallantry {Int+8 Dex+3}
 27833 | Spider:3 | Noticed Arachne
 27997 | Spider:3 | Killed Arachne
 29459 | Spider:4 | Entered Level 4 of the Spider Nest
 29990 | Spider:4 | Reached skill level 5 in Translocations
 30424 | Spider:4 | Learned a level 4 spell: Manifold Assault
 30893 | Spider:4 | Gained mutation: You occasionally shout uncontrollably at
                  | your foes. [mutagenic glow]
 30907 | Spider:4 | Gained mutation: Armour fits poorly on your strangely
                  | shaped body. [mutagenic glow]
 31213 | Spider:4 | Got a gossamer rune of Zot
 31238 | Spider:4 | Identified the +2 pair of boots of Least Resistance {Str+4}
 31489 | Shoals:1 | Entered Level 1 of the Shoals
 31586 | Shoals:1 | Found a runed translucent door.
 31586 | Shoals:1 | Noticed arthad's ghost (journeyman FeSu)
 31605 | Shoals:1 | Killed arthad's ghost
 31611 | Shoals:1 | Identified the +0 scale mail of the Known World {rCorr
                  | Dex+4}
 31631 | Shoals:1 | You are sucked into a shaft and drop 1 floor!
 31734 | Shoals:1 | Found a frozen archway.
 31810 | IceCv    | Entered an ice cave
 33146 | Shoals:1 | Found a hide-covered altar of Uskayaw.
 33403 | Shoals:1 | Reached XP level 19. HP: 81/157 MP: 22/28
 33517 | Shoals:1 | Learned a level 6 spell: Starburst
 35096 | Shoals:3 | Reached skill level 1 in Armour
 36282 | Shoals:3 | Reached skill level 16 in Fighting
 36415 | Shoals:4 | Entered Level 4 of the Shoals
 36579 | Shoals:4 | Identified the ring "Ogriv" {rC+ Dex+6}
 36714 | Shoals:4 | Identified the +8 morningstar of the Bespelled God {flame,
                  | *Noise Dex+5}
 37200 | Shoals:4 | Reached skill level 15 in Long Blades
 37519 | Shoals:4 | Got a barnacled rune of Zot
 38363 | Vaults:1 | Entered Level 1 of the Vaults
 39066 | Vaults:1 | Found Empio's Weapon Emporium.
 39154 | Vaults:1 | Reached skill level 10 in Conjurations
 39465 | Vaults:1 | Noticed Donald
 39477 | Vaults:1 | Killed Donald
 39579 | Vaults:1 | Gained mutation: A powerful demonic guardian rushes to your
                  | aid. [demonic ancestry]
 39579 | Vaults:1 | Reached XP level 20. HP: 135/166 MP: 32/32
 39967 | Vaults:1 | Reached skill level 15 in Fire Magic
 40593 | Vaults:1 | Identified the ring of Riagiyhu {Wiz rC+++ Dex+4}
 41143 | Vaults:2 | Upgraded the game from 0.30-a0-719-gcc4359ea44 to
                  | 0.30-a0-722-g3e6e8c874d
 41989 | Vaults:2 | Found a transporter.
 42000 | Vaults:2 | Found a transporter.
 42262 | Vaults:2 | Reached skill level 5 in Armour
 42566 | Abyss:3  | Cast into level 3 of the Abyss (a deep elf demonologist)
 42861 | Abyss:3  | Found a corrupted altar of Lugonu.
 42866 | Abyss:3  | Paralysed by accursed screaming for 1 turns
 42875 | Abyss:3  | Got an abyssal rune of Zot
 42954 | Vaults:2 | Escaped the Abyss
 43064 | Vaults:2 | Identified the +5 mace of the Eye-covered God {freeze, rF+
                  | Will++ Dex-3 SInv}
 43068 | Vaults:2 | Found Ihed's Antique Weapon Shoppe.
 43294 | Vaults:2 | Identified the +8 quick blade of Trauma {freeze, rC- rN+
                  | Will+++ Dex+3}
 43363 | Vaults:3 | Found a crumbling gateway.
 43423 | Desolati | Entered the Desolation of Salt
 43438 | Desolati | Reached skill level 17 in Fighting
 43665 | Desolati | Identified the +2 flail "Ramneo" {drain, rPois Int+7
                  | Stlth-}
 43696 | Desolati | Reached XP level 21. HP: 97/165 MP: 34/34
 43844 | Desolati | Identified the +9 lajatang "Coyprew" {protect, Str+3 Dex+8
                  | SInv Stlth-}
 43883 | Desolati | Identified the ring of Kocol {rCorr Dex+2}
 43905 | Desolati | Reached skill level 15 in Dodging
 44116 | Desolati | Identified the ring "Moph" {*Slow +Blink Will++ Dex+3 SInv}
 44570 | Desolati | Lost mutation: You occasionally shout uncontrollably at
                  | your foes. [potion of mutation]
 44570 | Desolati | Lost mutation: Armour fits poorly on your strangely shaped
                  | body. [potion of mutation]
 44570 | Desolati | Gained mutation: Your mind is acute. (Int +4, Str/Dex -1)
                  | [potion of mutation]
 44570 | Desolati | Gained mutation: Potions are less effective at restoring
                  | your health. [potion of mutation]
 44571 | Desolati | Lost mutation: Potions are less effective at restoring your
                  | health. [potion of mutation]
 44571 | Desolati | Lost mutation: Your mind is acute. (Int +4, Str/Dex -1)
                  | [potion of mutation]
 44571 | Desolati | Gained mutation: Your mind is acute. (Int +4, Str/Dex -1)
                  | [potion of mutation]
 44571 | Desolati | Gained mutation: You sometimes lose your temper in combat.
                  | [potion of mutation]
 44601 | Desolati | Identified the ring "Ukkapsyg" {Fire rN+++ MP-9 Str+4}
 44617 | Desolati | Found the +1 robe of Vines {NoPotionHeal Regen++++}
 44867 | Desolati | Identified the ring "Odolew" {rC+ Will+ Str+2 Int-3 Slay+2}
 45003 | Desolati | Got Sif Muna's Volume of the Wind and the Winter
 45008 | Desolati | Identified the +1 whip of Fee Simple {freeze, Drain rElec
                  | Dex+6}
 45361 | Vaults:3 | Got Tuim's Elucidation of Tropical Composition
 45371 | Vaults:3 | Learned a level 8 spell: Ignition
 45414 | Vaults:3 | Reached skill level 10 in Spellcasting
 45657 | Vaults:3 | Found a staircase to the Crypt.
 45676 | Vaults:3 | Identified the +1 spear of Annihilation {heavy, Drain rCorr
                  | Str+8 Dex-5}
 46894 | Vaults:4 | Noticed Frederick
 46902 | Vaults:4 | Killed Frederick
 47560 | Vaults:4 | Found Caigy's Book Boutique.
 48275 | Vaults:5 | Entered Level 5 of the Vaults
 48552 | Elf:1    | Entered Level 1 of the Elven Halls
 48556 | Elf:1    | Noticed Agnes
 48653 | Elf:1    | Killed Agnes
 48875 | Elf:1    | Gained mutation: Your magical and physical power is
                  | enhanced at high health. [demonic ancestry]
 48875 | Elf:1    | Reached XP level 22. HP: 159/181 MP: 36/36
 49171 | Elf:1    | Found Pirha's Book Shoppe.
 49932 | Elf:2    | Identified Roxanne's Cyclopedia of the Xenolith
 49932 | Elf:2    | Noticed Roxanne
 50022 | Elf:2    | Killed Roxanne
 50054 | Elf:2    | Found a flickering gateway to a bazaar.
 50058 | Elf:2    | Identified the +5 scale mail of Xeurom {Slay+3 SInv}
 50068 | Bazaar   | Entered a bazaar
 50123 | Bazaar   | Found Hakawn's Book Emporium.
 50123 | Bazaar   | Found Ihech's General Store.
 50128 | Bazaar   | Bought a potion of invisibility for 120 gold pieces
 50134 | Bazaar   | Bought a book of the Warp for 546 gold pieces
 50145 | Bazaar   | Found Raqalix's Distillery.
 50145 | Bazaar   | Found Ogang's Jewellery Shoppe.
 50156 | Bazaar   | Bought a potion of heal wounds for 55 gold pieces
 50156 | Bazaar   | Bought a potion of heal wounds for 55 gold pieces
 50156 | Bazaar   | Bought a potion of haste for 110 gold pieces
 50156 | Bazaar   | Bought a potion of curing for 33 gold pieces
 50156 | Bazaar   | Bought a potion of mutation for 88 gold pieces
 50156 | Bazaar   | Bought a potion of magic for 88 gold pieces
 50156 | Bazaar   | Bought a potion of mutation for 88 gold pieces
 50156 | Bazaar   | Bought a potion of curing for 33 gold pieces
 50156 | Bazaar   | Bought a potion of mutation for 88 gold pieces
 50162 | Bazaar   | Bought the amulet "Hanezy" {Reflect rCorr SH+5 Stlth+} for
                  | 726 gold pieces
 50173 | Bazaar   | Found Caemmiych's Antique Armour Shoppe.
 50178 | Bazaar   | Bought a pair of embroidered gloves for 97 gold pieces
 50263 | Elf:2    | Found Zutapt's CLEARANCE SALE!.
 50277 | Elf:2    | Bought a potion of curing for 9 gold pieces
 50277 | Elf:2    | Bought a scroll of blinking for 22 gold pieces
 50277 | Elf:2    | Bought a box of beasts for 120 gold pieces
 50322 | Elf:2    | Reached skill level 18 in Fighting
 50469 | Elf:2    | Noticed Jorgrun
 50477 | Elf:2    | Killed Jorgrun
 50523 | Elf:1    | Found a shimmering blue altar of Sif Muna.
 50777 | Elf:2    | Found a runed translucent gate.
 50778 | Elf:2    | Found a runed translucent gate.
 50778 | Elf:2    | Found a runed translucent gate.
 50881 | Elf:3    | Entered Level 3 of the Elven Halls
 51033 | Elf:3    | Identified the +4 scale mail of Damp Joy {Will- Int+8}
 51724 | Elf:3    | Identified the ring of Golarchir {rCorr MP+9 Int+3}
 52127 | Elf:3    | Identified the +2 morningstar of Dissolution {flame, +Blink
                  | rPois Will++ Dex-3 SInv}
 52215 | Elf:3    | Identified the +4 short sword of Checks and Balances
                  | {drain, rC++ Str-3}
 52631 | Depths:1 | Entered Level 1 of the Depths
 52703 | Depths:1 | Found a one-way gate to the infinite horrors of the Abyss.
 52744 | Depths:1 | Found a gateway to Hell.
 53115 | Depths:1 | Found a basalt altar of Yredelemnul.
 53268 | Depths:1 | Reached XP level 23. HP: 175/192 MP: 32/38
 53674 | Depths:1 | Found Ampaig's General Store.
 53699 | Depths:1 | Bought a scroll of enchant armour for 97 gold pieces
 53699 | Depths:1 | Bought a potion of curing for 39 gold pieces
 53699 | Depths:1 | Bought a book of Party Tricks for 208 gold pieces
 53699 | Depths:1 | Bought a scroll of blinking for 97 gold pieces
 53699 | Depths:1 | Bought a scroll of teleportation for 39 gold pieces
 53702 | Depths:1 | Learned a level 1 spell: Apportation
 54037 | Depths:2 | Found a one-way gate leading to the halls of Pandemonium.
 54042 | Depths:2 | Noticed Louise
 54048 | Depths:2 | Killed Louise
 54645 | Depths:2 | Found a runed translucent gate.
 54645 | Depths:2 | Found a runed translucent gate.
 54645 | Depths:2 | Found a runed translucent gate.
 54713 | Depths:2 | Noticed a juggernaut
 54727 | Depths:2 | Killed a juggernaut
 54923 | Depths:2 | Identified the +6 dagger of Tuczuxt {elec, rPois}
 55108 | Depths:2 | Noticed Maimpaagh's ghost (adept GrEE)
 55268 | Depths:2 | Killed Maimpaagh's ghost
 55269 | Depths:2 | Reached skill level 10 in Translocations
 55547 | Depths:3 | Reached skill level 5 in Shields
 55630 | Depths:3 | Noticed a juggernaut
 55637 | Depths:3 | Reached skill level 19 in Fighting
 55642 | Depths:3 | Killed a juggernaut
 56830 | Depths:3 | Noticed Boris
 56841 | Depths:3 | Killed Boris
 57109 | Depths:3 | Identified the +8 demon blade "Sarcophage" {heavy, rElec
                  | rC+++ rCorr Dex-4}
 57378 | Depths:4 | Entered Level 4 of the Depths
 57396 | Depths:4 | Gained mutation: You are powered by pain. [demonic
                  | ancestry]
 57396 | Depths:4 | Reached XP level 24. HP: 201/201 MP: 39/39
 57466 | Depths:4 | Reached skill level 15 in Conjurations
 57867 | Depths:4 | Found a bloodstained altar of Trog.
 58247 | Depths:4 | Found a one-way gateway to a ziggurat.
 58352 | Depths:4 | Lost mutation: Your mind is acute. (Int +4, Str/Dex -1) [a
                  | cacodemon]
 58436 | Depths:4 | Found a gate to the Realm of Zot.
 58779 | Slime:1  | Entered Level 1 of the Pits of Slime
 58829 | Slime:5  | Entered Level 5 of the Pits of Slime
 58898 | Slime:5  | Noticed the Royal Jelly
 58903 | Slime:5  | Killed the Royal Jelly
 58922 | Slime:5  | Paralysed by a great orb of eyes for 3 turns
 58970 | Slime:5  | Found the +4 skin of Zhor {*Englaciate rC+++ SInv}
 58973 | Slime:5  | Identified the ring of Kikubaaqudgha's Anger {rF+ SInv}
 59014 | Slime:5  | Identified the +5 battleaxe of Yesterday {flame, rF+ Int+5}
 59015 | Slime:5  | Identified the +2 lajatang "Womyta" {freeze, rPois SInv}
 59123 | Slime:5  | Got a slimy rune of Zot
 59130 | Slime:5  | Identified the +1 scimitar "Killer Bee's Foe" {protect, rF+
                  | rC+ rCorr}
 59429 | Slime:2  | Gained mutation: You have hidden genetic defects. [a
                  | shining eye]
 59620 | Lair:5   | Lost mutation: You sometimes lose your temper in combat.
                  | [potion of mutation]
 59620 | Lair:5   | Lost mutation: You have hidden genetic defects. [potion of
                  | mutation]
 59620 | Lair:5   | Gained mutation: You passively dampen the noise of your
                  | surroundings. [potion of mutation]
 59620 | Lair:5   | Gained mutation: You are frail. (-10% HP) [potion of
                  | mutation]
 59620 | Lair:5   | Gained mutation: You passively map a small area around you.
                  | [potion of mutation]
 60447 | Vaults:5 | Reached skill level 20 in Fighting
 60719 | Vaults:5 | Identified the ring "Doupneoh" {rPois rF- Int+9 SInv
                  | Stlth-}
 60747 | Vaults:5 | Identified the +11 dagger of Riny {heavy, Str+2 Int+3
                  | Dex+4}
 60779 | Vaults:5 | Reached XP level 25. HP: 161/189 MP: 40/40
 61002 | Vaults:5 | Identified a scroll of acquirement
 61024 | Vaults:5 | Noticed a dread lich
 61028 | Vaults:5 | Killed a dread lich
 61171 | Vaults:5 | Acquired 487 gold pieces
 61271 | Vaults:5 | Noticed a dread lich
 61278 | Vaults:5 | Killed a dread lich
 61460 | Vaults:5 | Identified the +1 chain mail of Omission {Rampage Int+4}
 61540 | Vaults:5 | Identified the +1 robe of Integrity {Int+5}
 61927 | Vaults:5 | Noticed a dread lich
 61931 | Vaults:5 | Killed a dread lich
 61995 | Vaults:5 | Got a silver rune of Zot
 62455 | D:11     | You paid a toll of +3 shadow dragon scales to enter a
                  | treasure trove
 62456 | Trove    | Entered a treasure trove
 62500 | Trove    | Got Sif Muna's Atlas of the Inquisitive Things
 62548 | D:11     | Learned a level 6 spell: Dispersal
 62556 | D:11     | Learned a level 7 spell: Orb of Destruction
 62744 | Crypt:1  | Entered Level 1 of the Crypt
 63410 | Crypt:1  | Noticed Mennas
 63451 | Crypt:1  | Killed Mennas
 63452 | Crypt:1  | Reached skill level 10 in Shields
 63676 | Crypt:2  | Noticed Saint Roka
 63691 | Crypt:2  | Killed Saint Roka
 64601 | Crypt:3  | Entered Level 3 of the Crypt
 64645 | Crypt:3  | Reached skill level 21 in Fighting
 64711 | Crypt:3  | Noticed Boris
 64750 | Crypt:3  | Killed Boris
 64868 | Crypt:3  | Gained mutation: Your magical and physical power is greatly
                  | enhanced at high health. [demonic ancestry]
 64868 | Crypt:3  | Reached XP level 26. HP: 176/199 MP: 24/41
 65240 | Crypt:3  | Reached skill level 15 in Spellcasting
 65416 | Crypt:3  | Found a staircase to the Tomb.
 65593 | Crypt:3  | Noticed a dread lich
 65834 | Crypt:3  | Killed a dread lich
 65980 | Crypt:3  | Identified the amulet "Sameib" {+Blink Fly Regen+ Str+2}
 65980 | Crypt:3  | Identified the amulet "Iheck" {rC++ Regen+ Dex-3}
 65980 | Crypt:3  | Identified the ring of Virtue {rF- rN+ Dex+5}
 65998 | Crypt:3  | Got the Quarto of Despicable Mysteries
 65999 | Crypt:3  | Identified the +5 mace "Qorhiy" {freeze, Str-3 Int+6}
 66000 | Crypt:3  | Identified the +6 plate armour "Rofocas" {rC- rN++ Dex+3
                  | SInv}
 66006 | Crypt:3  | Identified the +2 robe "Uruy" {rPois rCorr Int+6 Dex-5
                  | Stlth+}
 66510 | Hell     | Entered the Vestibule of Hell
 66510 | Hell     | Noticed Geryon
 66664 | Hell     | Killed Geryon
 66710 | Hell     | Gained mutation: Armour fits poorly on your strangely
                  | shaped body. [a cacodemon]
 66711 | Hell     | Gained mutation: You do not regenerate when monsters are
                  | visible. [a cacodemon]
 66712 | Hell     | Gained mutation: Your body sometimes deteriorates upon
                  | taking damage. [a cacodemon]
 66896 | Hell     | Noticed Murray
 66909 | Hell     | Killed Murray
 66943 | Hell     | Lost mutation: You are frail. (-10% HP) [potion of
                  | mutation]
 66943 | Hell     | Lost mutation: You passively map a small area around you.
                  | [potion of mutation]
 66943 | Hell     | Gained mutation: You are somewhat resistant to further
                  | mutation. [potion of mutation]
 66943 | Hell     | Gained mutation: You are dopey. (Int -2) [potion of
                  | mutation]
 66944 | Hell     | Lost mutation: You passively dampen the noise of your
                  | surroundings. [potion of mutation]
 66944 | Hell     | Lost mutation: You are dopey. (Int -2) [potion of mutation]
 66944 | Hell     | Gained mutation: You have a pair of small horns on your
                  | head. [potion of mutation]
 66945 | Hell     | Lost mutation: You are somewhat resistant to further
                  | mutation. [potion of mutation]
 66945 | Hell     | Lost mutation: You do not regenerate when monsters are
                  | visible. [potion of mutation]
 66945 | Hell     | Lost mutation: You have a pair of small horns on your head.
                  | [potion of mutation]
 66945 | Hell     | Gained mutation: You are weak. (Str -2) [potion of
                  | mutation]
 66945 | Hell     | Gained mutation: Your system is resistant to poisons.
                  | (rPois) [potion of mutation]
 66945 | Hell     | Gained mutation: Potions are less effective at restoring
                  | your health. [potion of mutation]
 67059 | Hell     | Found a gateway to the decaying netherworld of Tartarus.
 67352 | Hell     | Found a gateway to the Iron City of Dis.
 67484 | Hell     | Found a gateway to the ashen valley of Gehenna.
 67559 | Hell     | Reached skill level 22 in Fighting
 67857 | Hell     | Found a gateway to the freezing wastes of Cocytus.
 68004 | Zot:1    | Entered Level 1 of the Realm of Zot
 69553 | Zot:2    | Reached XP level 27. HP: 110/233 MP: 10/42
 69878 | Zot:2    | Reached skill level 15 in Shields
 71498 | Zot:4    | Found a transporter.
 71500 | Zot:4    | Found a transporter.
 71504 | Zot:4    | Found a transporter.
 71508 | Zot:4    | Found a transporter.
 72173 | Zot:4    | Found a runed translucent gate.
 72174 | Zot:4    | Found a runed translucent gate.
 72174 | Zot:4    | Noticed Aklawnof's ghost (legendary VSBe)
 72175 | Zot:4    | Found a runed translucent gate.
 72175 | Zot:4    | Found the +10 dark maul {heavy}
 72186 | Zot:4    | Killed Aklawnof's ghost
 72775 | Zot:5    | Entered Level 5 of the Realm of Zot
 73135 | Zot:5    | Noticed an orb of fire
 73149 | Zot:5    | Noticed an ancient lich
 73149 | Zot:5    | Noticed a dread lich
 73150 | Zot:5    | Killed an orb of fire
 73162 | Zot:5    | Noticed a dread lich
 73165 | Zot:5    | Killed a dread lich
 73170 | Zot:5    | Killed an ancient lich
 73178 | Zot:5    | Killed a dread lich
 73191 | Zot:5    | Noticed an orb of fire
 73191 | Zot:5    | Noticed an ancient lich
 73206 | Zot:5    | HP: 8/233 [purple draconian shifter/bolt of dispelling
                  | energy[a yellow draconian annihilator] (34)]
 73211 | Zot:5    | Killed from afar by a purple draconian shifter

Illustrated notes

Levels and vault maps discovered:
D:1:      elethiomel_arrival_quiet, layout_basic
D:2:      layout_rooms, minmay_puff
D:3:      layout_rooms, chequers_temple_overflow_statue_of_worship,
          mainiacjoe_overflow_six_doors_small, minmay_misc_feat_hallway
D:4:      layout_basic, amcnicky_altar_gilded, corexii_item_surrounded_by_moat
D:5:      layout_loops_ring, nicolae_titane
D:6:      layout_basic, serial_shops, shop, nicolae_shop_statue_plus,
          kennysheep_cross_bottleneck, nrook_pool_corridor,
          minmay_misc_feat_square, uniq_sigmund, uniq_grinder, uniq_maggie
D:7:      layout_layer_cave, grunt_temple_overflow_opulence,
          minmay_temple_entry_sparse_star, uniq_duvessa
D:8:      gammafunk_indiana_jones, layout_basic, lemuel_crystal_altar,
          lair_entry_dummy, enter_bailey_2
D:9:      layout_stronghold, serial_column_ruins, column_ruins_open_small,
          column_ruins_corridor_straight, column_ruins_columns_straight,
          column_ruins_columns_corner
D:10:     layout_loops_cross, uniq_maurice
D:11:     layout_loops_cross, nicolae_trove_entry_path_of_doom
D:12:     minmay_two_paths, layout_loops_corners, hiddenorc1_lemuel,
          ebering_ghost_rock_garden, minivault_22, uniq_urug
D:13:     minmay_inner_zag, layout_cave_pools, st_stairs_1,
          minmay_gold_behind_fungi
D:14:     layout_irregular_city, david_vaults_1,
          nicolae_dithmenos_through_a_glass_darkly, ebering_ghost_rock_garden,
          nicolae_qazlal_style_of_elements, uniq_frances
D:15:     grunt_enter_depths_snipers, layout_rooms, serial_park_tiny_2,
          minmay_misc_feat_rows, uniq_azrael
Temple:   dshaligram_water_room_temple
Lair:1:   layout_small_grid, special_room [special_room_bee], ebering_ghost_xom
Lair:2:   layout_roguey
Lair:3:   layout_chaotic_city, nicolae_shoals_entry_roost, spider_nest_entry_a,
          grunt_megastairs_5
Lair:4:   layout_gridlike, ebering_ghost_inner_flame, enter_volcano_1
Lair:5:   due_jungle_book, layout_cave_pods, slime_entry_2, basic_altar,
          lemuel_old_faithful
Shoals:1: layout_shoals, gammafunk_ghost_grave,
          portal_ice_cave_entry_ugly_swarm, wheals_shoals_ruined_temple
Shoals:2: layout_shoals, nicolae_shoals_hunting_party
Shoals:3: layout_shoals, nicolae_shoals_arrival_archipelago
Shoals:4: shoals_end_simple, layout_shoals
Spider:1: layout_chambers, hellmonk_narrow_tunnel
Spider:2: layout_spider_delve, spiders_nest_spider_trap,
          nicolae_spider_cling_halls
Spider:3: layout_chambers, nicolae_arachne_temple
Spider:4: grunt_spider_rune_parallel
Slime:1:  layout_caves
Slime:2:  layout_caves
Slime:3:  cheibrodos_slime_lost_civilization_1, layout_caves
Slime:4:  layout_caves, cheibrodos_slime_lost_civilization_7
Slime:5
Orc:1:    layout_caves, uniq_nergalle
Orc:2:    st_orc_rangers, layout_caves, nicolae_shop_vocational, uniq_josephine
Elf:1:    nicolae_elf_arrival_no_cutting_in_line, layout_gridlike, serial_shops,
          nicolae_shop_competitors_out_of_business, minmay_elf_crystal_heptagon,
          lemuel_upstairs_altar, uniq_agnes
Elf:2:    nicolae_elf_blades_crystal_corner, layout_gridlike, serial_shops,
          bzr_entry_road, nicolae_shop_clearance, uniq_jorgrun, uniq_roxanne
Elf:3:    minmay_elf_hall_hex, layout_rooms, minivault_23, laboratory
Vaults:1: nicolae_vaults_shelves_hall, v_misc_27, nicolae_vaults_network_square,
          nicolae_vaults_an_arrangement, nicolae_vaults_alarming,
          ontoclasm_vaults_fault, hangedman_vaults_pinch, v_alt_pattern_4,
          nicolae_vaults_what_the_h, hangedman_vaults_stream,
          hangedman_vaults_stretched_pinwheel, v_misc_14,
          nicolae_vaults_little_squares_6, v_alt_pattern_1,
          nicolae_vaults_rhombus_5, layout_vaults_omnibox, serial_shops, shop,
          uniq_donald
Vaults:2: ontoclasm_vaults_twist, v_misc_12, nicolae_vaults_shelves_hall,
          hangedman_vaults_river_flow, hangedman_vaults_maws, v_misc_24,
          vaults_room_ringed_pool, v_rooms_6, gammafunk_sealed_arena,
          nicolae_vaults_network_star, grunt_vaults_focal,
          nicolae_vaults_yaktaur_gun_rack, vaults_dpeg_emergency_exit,
          nicolae_vaults_little_squares_1, layout_vaults_maze_bifur,
          serial_shops, shop
Vaults:3: portal_desolation_entry_garden, nicolae_vaults_theta,
          nicolae_vaults_ninety_degrees, nicolae_vaults_asterisk,
          vaults_dpeg_doors, ontoclasm_vaults_ring_square,
          hangedman_vaults_maws, nicolae_vaults_mini_display_case,
          layout_vaults_chaotic_city
Vaults:4: vaults_dpeg_encased_lava, nicolae_vaults_network_periphery,
          nicolae_vaults_little_squares_6, v_misc_5, ontoclasm_vaults_idyll,
          v_misc_1, v_misc_26, nicolae_vaults_little_squares_3,
          ontoclasm_vaults_loading_screen, vaults_dpeg_cross,
          layout_vaults_quadrants, serial_shops, nicolae_shop_trees,
          serial_glass, uniq_frederick
Vaults:5
Crypt:1:  layout_basic, serial_sigils_hangedman_etch, uniq_mennas
Crypt:2:  layout_misc_corridors, uniq_saint_roka
Crypt:3:  david_glass_crypt, layout_chaotic_city,
          nicolae_tomb_entry_unfolded_pyramid_orthogonal, st_burial_chamber
Depths:1: layout_roguey, grunt_decor_arrowhead, abyss_entry,
          hangedman_coc_ice_floe, hangedman_blasphemy, grunt_megastairs_2,
          minmay_shop_star
Depths:2: minmay_triangles_in_corner, layout_cave_shapes,
          biasface_ghost_demon_polymorph,
          nicolae_abyss_entry_one_way_or_another, grunt_hell_entry_dis_mu,
          pan_entry, bh_walls_and_bars, serial_bayou_shore_a,
          infiniplex_staircase_pool_2
Depths:3: minmay_the_grid_triangle_9x9_recursive_2
          [minmay_the_grid_triangle_9x9_prize_insulated,
          minmay_the_grid_triangle_9x9_windchime,
          minmay_the_grid_triangle_9x9_skeleton,
          minmay_the_grid_triangle_9x9_longest], layout_gridlike, hellmouth_1,
          grunt_pan_entry_spiral, abyss_entry, st_stairs_9, uniq_boris
Depths:4: evilmike_zot_entry_basic, layout_cave_pools, enter_ziggurat_a,
          basic_altar, hangedman_geh_valley, rand_demon_pan_entry_4
Hell
Zot:1:    layout_gridlike, st_stairs_11
Zot:2:    cheibrodos_zot_enchanting_chambers, layout_concentric_octagons,
          grunt_ministairs_10, st_stairs_10
Zot:3:    layout_basic, uniq_josephina
Zot:4:    layout_gridlike, ebering_ghost_rock_garden, nicolae_diode_quadrants,
          grunt_megastairs_4
Zot:5:    layout_basic

Skill      XL: |  1  2  3  4  5  6  7  8  9 10 11 12 13 14 15 16 17 18 19 20 21 22 23 24 25 26 27 |
---------------+----------------------------------------------------------------------------------+-----
Throwing       | 2 3 4 |  4.1
Short Blades   | 3 |  3.0
Dodging        | 3 4 5 6 7 9 10 11 12 13 14 15 16 17 18 | 18.8
Fighting       | 3 4 5 6 8 9 11 12 14 15 16 17 18 19 20 21 22 | 22.4
Long Blades    | 4 5 7 8 10 11 13 14 15 | 15.4
Spellcasting   | 3 5 6 8 9 10 11 12 13 14 15 | 15.1
Fire Magic     | 3 5 12 14 15 16 17 18 19 20 21 | 21.7
Conjurations   | 6 8 10 11 12 13 14 15 16 18 20 | 20.4
Translocations | 3 6 7 8 9 10 12 | 12.6
Shields        | 2 4 6 8 11 14 16 | 16.9
Armour         | 3 6 8 |  8.0

Action                     |  1- 3 |  4- 6 |  7- 9 | 10-12 | 13-15 | 16-18 | 19-21 | 22-24 | 25-27 || total
---------------------------+-------+-------+-------+-------+-------+-------+-------+-------+-------++-------
  Melee: Rapier            |   118 |    63 |       |       |       |       |       |       |       ||   181
         Kick              |    18 |    35 |    64 |    39 |   173 |   700 |   555 |   555 |   635 ||  2774
         Punch             |       |     1 |     3 |     2 |     8 |     2 |       |       |       ||    16
         Whip              |       |   102 |       |       |       |       |       |       |       ||   102
         Falchion          |       |       |   229 |   160 |   371 |       |       |       |       ||   760
         Dagger            |       |       |     1 |       |       |       |       |       |       ||     1
         Great sword       |       |       |       |       |    98 |   887 |       |       |       ||   985
         Scimitar          |       |       |       |       |       |   765 |  1107 |   627 |       ||  2499
         Demon blade       |       |       |       |       |       |       |       |   403 |  1196 ||  1599
  Throw: Javelin           |     1 |     2 |       |     2 |     1 |     4 |       |       |       ||    10
         Dart              |       |       |     2 |     9 |     4 |     2 |       |       |       ||    17
         Throwing net      |       |       |     2 |     1 |       |       |       |       |       ||     3
   Cast: Foxfire           |       |       |       |       |       |     9 |       |       |       ||     9
         Fireball          |       |       |       |       |       |   118 |   194 |    58 |    20 ||   390
         Manifold Assault  |       |       |       |       |       |     1 |     2 |     7 |     7 ||    17
         Starburst         |       |       |       |       |       |       |    40 |     7 |     2 ||    49
         Blink             |       |       |       |       |       |       |     1 |       |     5 ||     6
         Ignition          |       |       |       |       |       |       |       |    51 |    81 ||   132
         Orb of Destructio |       |       |       |       |       |       |       |       |     4 ||     4
 Invoke: Potion Petition   |       |       |       |       |       |     5 |     4 |     1 |     9 ||    19
    Use: Scroll            |       |     1 |     4 |     8 |     7 |    20 |     7 |     8 |    12 ||    67
         Potion            |       |       |       |     5 |     4 |     9 |    13 |     5 |     9 ||    45
   Stab: Sleeping          |     2 |     1 |       |       |       |       |     1 |       |       ||     4
         Distracted        |       |     1 |       |     3 |     1 |     9 |    15 |    19 |    15 ||    63
         Held in net/web   |       |       |       |     1 |       |       |       |       |       ||     1
         Fleeing           |       |       |       |       |       |     1 |       |       |       ||     1
         Petrified         |       |       |       |       |       |    11 |       |       |       ||    11
         Petrifying        |       |       |       |       |       |     2 |       |       |       ||     2
         Invisible         |       |       |       |       |       |     1 |     2 |       |       ||     3
 Armour: Leather armour    |    29 |    32 |       |       |       |       |       |       |       ||    61
         Robe              |       |       |    19 |       |       |       |       |       |       ||    19
         Acid dragon scale |       |       |    51 |    21 |   105 |    44 |       |       |       ||   221
         Ring mail         |       |       |       |       |       |   599 |   234 |   234 |   333 ||  1400
         Skin              |       |       |       |       |       |       |       |       |     5 ||     5
  Dodge: Dodged            |    79 |    95 |   160 |    57 |   344 |  1544 |   800 |   642 |   785 ||  4506
  Block: Buckler           |       |       |       |       |       |   190 |   277 |   231 |   332 ||  1030
         Tower shield      |       |       |       |       |       |       |       |    18 |   419 ||   437
         Reflection        |       |       |       |       |       |       |       |       |    10 ||    10

Table legend: (Time is in decaauts)
 A = Elapsed time spent in this place.
 B = Non-inter-level travel time spent in this place.
 C = Inter-level travel time spent in this place.
 D = Time resting spent in this place.
 E = Time spent auto-exploring this place.
 F = Levels seen in this place.
 G = Mean time per level.
                   A        B        C        D        E       F      G
               +--------+--------+--------+--------+--------+-----+--------+
         Total |  73226 |  67421 |   5805 |   6418 |  45544 |  64 | 1144.2 |
       Dungeon |  17729 |  15540 |   2189 |   1519 |  10396 |  15 | 1181.9 |
        Temple |    159 |    111 |     48 |      0 |    100 |   1 |  159.0 |
          Lair |   5930 |   5075 |    855 |    154 |   3950 |   5 | 1186.0 |
        Shoals |   5937 |   5618 |    319 |    716 |   3826 |   4 | 1484.2 |
   Spider Nest |   6509 |   6308 |    201 |   1132 |   4083 |   4 | 1627.2 |
    Slime Pits |    878 |    829 |     49 |     19 |    183 |   5 |  175.6 |
  Orcish Mines |   1857 |   1534 |    323 |     68 |   1060 |   2 |  928.5 |
   Elven Halls |   3803 |   3645 |    158 |    522 |   2126 |   3 | 1267.7 |
        Vaults |  10386 |   9544 |    842 |   1310 |   6658 |   5 | 2077.2 |
         Crypt |   3565 |   3438 |    127 |    213 |   2362 |   3 | 1188.3 |
        Depths |   5770 |   5314 |    456 |    180 |   3933 |   4 | 1442.5 |
          Hell |   1274 |   1252 |     22 |     10 |    796 |   1 | 1274.0 |
           Zot |   5258 |   5047 |    211 |    119 |   3944 |   5 | 1051.6 |
         Abyss |    365 |    365 |      0 |      4 |     55 |   1 |  365.0 |
        Bazaar |    134 |    134 |      0 |      0 |    119 |   1 |  134.0 |
         Trove |     72 |     72 |      0 |      0 |     56 |   1 |   72.0 |
        Bailey |    721 |    721 |      0 |      0 |    490 |   1 |  721.0 |
      Ice Cave |    934 |    934 |      0 |    284 |    438 |   1 |  934.0 |
       Volcano |    293 |    293 |      0 |      9 |     64 |   1 |  293.0 |
    Desolation |   1644 |   1644 |      0 |    157 |    903 |   1 | 1644.0 |
               +--------+--------+--------+--------+--------+-----+--------+

Top non-repeatable levels by time:
Vaults:1: 2465 daAuts
Vaults:4: 2357 daAuts
    D:12: 2132 daAuts
Vaults:2: 2108 daAuts
Spider:3: 1978 daAuts
    D:14: 1801 daAuts
Vaults:5: 1746 daAuts
Vaults:3: 1709 daAuts
 Crypt:3: 1704 daAuts
     D:8: 1676 daAuts
Shoals:2: 1668 daAuts
Shoals:1: 1654 daAuts
Desolation: 1644 daAuts
  Lair:5: 1603 daAuts
Shoals:4: 1598 daAuts
